 Dungeon Crawl Stone Soup version 0.28-a0-503-g83f2989fac (webtiles) character file.

Game seed: 14337107352696781127

104 Ha714701 the Skirmisher (level 5, 0/41 HPs)
             Began as a Human Fighter on Sept 20, 2021.
             Hit by a stone thrown by a kobold (1 damage)
             ... on level 2 of the Dungeon.
             The game lasted 00:07:13 (1471 turns).

Ha714701 the Skirmisher (Human Fighter)             Turns: 1471, Time: 00:07:14

Health: 0/41       AC:  6    Str: 18    XL:     5   Next: 7%
Magic:  5/5        EV:  9    Int:  8    God:
Gold:   39         SH:  4    Dex: 12    Spells: 4/4 levels left

rFire   . . .      SeeInvis .   a - +0 war axe
rCold   . . .      Faith    .   c - +0 buckler
rNeg    . . .      Spirit   .   b - +0 scale mail
rPois   .          Reflect  .   (no helmet)
rElec   .          Harm     .   (no cloak)
rCorr   .          Rampage  .   (no gloves)
Will    .....                   (no boots)
Stlth   ..........              (no amulet)
HPRegen 0.13/turn               (no ring)
MPRegen 0.09/turn               (no ring)

@: no status effects
A: no striking features
a: no special abilities


You were on level 2 of the Dungeon.
You visited 1 branch of the dungeon, and saw 2 of its levels.

You collected 39 gold pieces.

Inventory:

Hand Weapons
 a - a +0 war axe (weapon)
Armour
 b - a +0 scale mail (worn)
 c - a +0 buckler (worn)
Jewellery
 f - a ring of flight
Scrolls
 h - 2 scrolls of teleportation {unknown}
Potions
 d - a potion of might
 e - a potion of attraction {unknown}
 g - a potion of lignification {unknown}


   Skills:
 + Level 3.5 Fighting
 * Level 3.4 Axes
 + Level 3.4 Armour
 * Level 1.1 Dodging
 + Level 3.4 Shields


You had 4 spell levels left.
You didn't know any spells.
Your spell library contained the following spells:

 Spells                   Type           Power      Damage    Failure   Level
 Magic Dart               Conj           0%         1d3       82%         1
 Searing Ray              Conj           0%         2d4       91%         2
 Slow                     Hex            0%         N/A       91%         2
 Confusing Touch          Hex            0%         N/A       99%         3
 Vampiric Draining        Necr           0%         2d6       99%         3
 Fulminant Prism          Conj/Hex       0%         3d6       100%        4


Dungeon Overview and Level Annotations

Branches:
Dungeon (2/15)

Altars:


Message History

The jackal bites you but does no damage.
You hit the jackal but do no damage. The jackal closely misses you. x2
You barely miss the jackal.
The jackal bites you but does no damage. x2
You closely miss the jackal. The jackal barely misses you.
Your scale mail prevents you from hitting the jackal.
The jackal bites you but does no damage.
The jackal closely misses you.
You barely miss the jackal. The jackal bites you.
* * * LOW HITPOINT WARNING * * *
You block the jackal's attack.
You hit the jackal but do no damage. The jackal barely misses you.
The jackal bites you but does no damage.
You slash the jackal!
You kill the jackal!
The goblin barely misses you.
You closely miss the goblin. The goblin hits you with a +0 club.
* * * LOW HITPOINT WARNING * * *
You hit the goblin.
The goblin is severely wounded.
You block the goblin's attack.
You barely miss the goblin.
The goblin is severely wounded.
The goblin hits you but does no damage. x2
You closely miss the goblin.
The goblin is severely wounded.
The goblin hits you but does no damage.
You slash the goblin!
You kill the goblin!
The kobold hits you but does no damage.
You hit the kobold.
The kobold is severely wounded.
The kobold hits you with a +0 whip.
* * * LOW HITPOINT WARNING * * *
You hit the kobold but do no damage.
The kobold is severely wounded.
The kobold hits you with a +0 whip.
* * * LOW HITPOINT WARNING * * *
The kobold throws a stone.
The stone hits you.
You die...

.# ##############.#
#........<...#.#
##.#######.##.#.#
#....g)K.@.##.#.# ######
#..##########.#.# #..... #..#
<.......#.#####.#### #######..#
..####........#.# #.....g..# #.
#........#.# ##....h.g.# #..
#........#.# ......Kg.####..
#..#.#####.###
.###.......##..####..#.#.......#
.###.....#.##........#.#.###.#.#


You could see a goblin and a kobold.

Vanquished Creatures
  An iguana (D:2)
  Robin (D:2)
  A gnoll (D:1)
  A worm (D:2)
  3 bats
  3 endoplasms
  2 giant cockroaches (D:1)
  13 goblins
  7 hobgoblins
  3 jackals (D:2)
  A kobold (D:1)
  4 ball pythons
  6 frilled lizards
  5 rats
51 creatures vanquished.

Notes
Turn   | Place    | Note
-------+----------+-------------------------------------------
     0 | D:1      | Ha714701 the Human Fighter began the quest for the Orb.
     0 | D:1      | Reached XP level 1. HP: 18/18 MP: 1/1
    54 | D:1      | Reached XP level 2. HP: 11/24 MP: 2/2
   365 | D:1      | Reached XP level 3. HP: 27/29 MP: 3/3
   891 | D:1      | Found a faded altar of an unknown god.
  1225 | D:2      | Reached XP level 4. HP: 35/35 MP: 4/4
  1307 | D:2      | Reached skill level 1 in Dodging
  1390 | D:2      | Noticed Robin
  1414 | D:2      | Killed Robin
  1423 | D:2      | Reached XP level 5. HP: 16/41 MP: 5/5
  1463 | D:2      | HP: 2/41 [goblin (4)]
  1468 | D:2      | HP: 2/41 [kobold (1)]
  1471 | D:2      | Hit by a stone thrown by a kobold

Illustrated notes

Levels and vault maps discovered:
D:1:      lemuel_arrival_river_ford, layout_loops_ring,
          hellmonk_ecumenical_altar_prayer_group
D:2:      layout_basic, uniq_robin

Skill      XL: |  1  2  3  4 |
---------------+-------------+-----
Axes           | 3 |  3.4
Dodging        | 1 |  1.1
Fighting       | |  3.5
Armour         | |  3.4
Shields        | |  3.4

Action                   |  1- 3 |  4- 6 || total
-------------------------+-------+-------++-------
Melee: War axe           |   110 |    70 ||   180
Armor: Scale mail        |    48 |    44 ||    92
Dodge: Dodged            |    54 |    29 ||    83
Block: Buckler           |    32 |    14 ||    46

Table legend: (Time is in decaauts)
 A = Elapsed time spent in this place.
 B = Non-inter-level travel time spent in this place.
 C = Inter-level travel time spent in this place.
 D = Time resting spent in this place.
 E = Time spent auto-exploring this place.
 F = Levels seen in this place.
 G = Mean time per level.
                   A        B        C        D        E       F      G
               +--------+--------+--------+--------+--------+-----+--------+
         Total |   1544 |   1537 |      7 |    180 |    899 |   2 |  772.0 |
       Dungeon |   1544 |   1537 |      7 |    180 |    899 |   2 |  772.0 |
               +--------+--------+--------+--------+--------+-----+--------+

Top non-repeatable levels by time:
     D:1: 1081 daAuts
     D:2: 463 daAuts
